Map: Romanticide LE

Players

A.I. 1 (Very Easy)

  • Race: Protoss Protoss

Atreyu - Winner!

  • Race: Terran Terran
  • League: Master

VOD

https://www.youtube.com/watch?v=B-6JoP6oi_4&t=66s

Description

A modern and standard way of approaching the mu.

Time

  • Played on: June 8, 2021, 4:24 p.m.
  • Length: 9:37
Show
View Real Time Build Order
Export as new Build Order

A.I. 1 (Very Easy) Protoss 

Build Orders:  

Get SALT Encoding   

  12  0:00  Probe  
  13  0:13  Probe  
  14  0:20  Pylon  
  14  0:37  Assimilator  
  14  0:43  Gateway  
  14  0:46  Pylon  
  14  1:14  Assimilator  
  14  1:23  Probe  
  14  1:24  Zealot  
  14  1:31  Probe  
  15  1:34  Cybernetics Core  
  18  1:41  Probe  
  19  1:53  Probe  
  20  2:00  Warp Gate  
  20  2:01  Probe  
  21  2:10  Probe  
  22  2:48  Stalker  
  24  7:21  Zealot  
  24  7:23  Probe  
  24  7:27  Pylon  
  20  7:31  Probe  
  20  7:35  Cybernetics Core  
  20  7:39  Probe  
  20  7:42  Pylon  
  18  7:47  Probe  
  18  7:50  Zealot  
  16  7:56  Probe  
  3  8:19  Stalker  
  3  8:24  Nexus  
Show
View Real Time Build Order
Export as new Build Order

Atreyu Terran - Winner!

Build Orders:  

Get SALT Encoding   

  12  0:00  SCV  
  13  0:12  SCV  
  14  0:17  Supply Depot  
  14  0:24  SCV  
  15  0:38  SCV  
  15  0:40  Barracks  
  16  0:44  Refinery  
  16  0:51  SCV  
  17  1:03  SCV  
  18  1:15  SCV  
  19  1:26  Marine  
  19  1:28  Orbital Command  
  20  1:41  Command Center  
  20  1:47  Barracks Reactor  
  20  1:53  SCV  
  21  1:57  Supply Depot  
  21  2:07  SCV  
  22  2:09  Factory  
  22  2:19  SCV  
  23  2:23  Marine x2  
  23  2:27  Bunker  
  25  2:32  SCV  
  25  2:35  Refinery  
  26  2:42  Marine x2  
  26  2:44  SCV  
  29  2:53  Orbital Command  
  29  3:03  Starport  
  29  3:04  Widow Mine  
  31  3:06  Marine  
  31  3:09  SCV  
  31  3:10  Marine  
  34  3:19  SCV  
  35  3:25  Marine, SCV  
  35  3:26  Widow Mine  
  39  3:32  Supply Depot, Marine  
  40  3:34  SCV  
  40  3:38  SCV  
  40  3:39  Medivac  
  44  3:46  SCV  
  44  3:47  Barracks  
  45  3:48  Factory Tech Lab  
  45  3:50  SCV  
  46  3:55  Supply Depot  
  46  3:58  SCV  
  46  4:02  SCV  
  48  4:05  Barracks  
  48  4:15  Factory Tech Lab  
  48  4:19  SCV x2  
  48  4:20  Supply Depot  
  48  4:22  Marine x2  
  52  4:24  Engineering Bay  
  52  4:31  SCV x2  
  54  4:43  SCV x2  
  54  4:44  Supply Depot  
  54  4:45  Marine  
  56  4:46  Stimpack  
  56  4:47  Marine x2  
  59  4:55  Terran Infantry Weapons Level 1, SCV x2  
  61  5:00  Refinery, Supply Depot  
  61  5:01  Marauder  
  61  5:05  Marauder  
  65  5:07  SCV  
  65  5:08  Supply Depot, Marine x2, SCV  
  65  5:10  Combat Shield  
  65  5:12  Factory Reactor  
  65  5:13  Starport Reactor  
  69  5:19  SCV  
  69  5:20  SCV  
  71  5:24  Supply Depot  
  71  5:28  Marauder x2  
  75  5:31  SCV  
  75  5:32  Marine x2  
  75  5:33  Supply Depot  
  78  5:38  Refinery  
  78  5:49  Supply Depot, Marauder  
  82  5:50  Medivac x2, Marauder  
  82  5:51  Widow Mine  
  82  5:52  Widow Mine  
  82  5:53  Marine  
  82  5:54  Marine  
  82  5:55  Supply Depot  
  92  6:13  Marauder x2  
  92  6:14  Widow Mine x2  
  100  6:18  Supply Depot  
  100  6:19  Marine  
  100  6:20  Supply Depot, Marine  
  102  6:27  Medivac, Command Center  
  102  6:28  Medivac  
  106  6:33  Concussive Shells  
  106  6:37  Barracks  
  106  6:41  Barracks  
  106  6:42  Marine  
  106  6:43  Marine x2  
  106  6:44  Marine  
  106  6:46  SCV  
  111  6:49  Terran Infantry Armor Level 1  
  111  6:59  SCV x2  
  111  7:00  Widow Mine x2, Marine  
  118  7:01  Marauder  
  118  7:07  Marine  
  118  7:08  Marauder  
  123  7:09  Viking  
  123  7:11  SCV  
  123  7:13  Viking  
  128  7:18  Marine  
  128  7:20  SCV  
  128  7:22  Marine  
  130  7:23  SCV  
  130  7:25  Barracks Tech Lab  
  132  7:32  SCV  
  132  7:33  Barracks Tech Lab  
  132  7:34  Barracks Reactor  
  132  7:35  SCV  
  134  7:39  Orbital Command  
  134  7:40  Ghost Academy  
  134  7:42  Marine x2  
  140  7:44  Viking, SCV  
  140  7:46  Viking  
  140  7:49  Marauder x2  
  145  7:52  Marauder  
  145  7:53  SCV  
  148  7:58  Supply Depot  
  148  8:02  Supply Depot  
  148  8:05  Orbital Command  
  146  8:10  Ghost  
  146  8:12  Ghost  
  147  8:13  SCV  
  147  8:14  Viking, SCV  
  147  8:15  Viking  
  155  8:20  Ghost  
  155  8:25  Marine x2, SCV  
  160  8:28  Supply Depot  
  160  8:29  Supply Depot  
  160  8:31  SCV x2  
  162  8:37  Supply Depot  
  162  8:44  Ghost x2  
  162  8:46  SCV  
  162  8:47  SCV  
  168  8:48  Refinery  
  168  8:49  Refinery, SCV  
  168  8:51  Marine x2  
  168  8:54  Viking  
  173  8:56  Viking  
  173  8:58  SCV  
  173  9:02  Supply Depot  
  176  9:04  Supply Depot, SCV  
  176  9:09  Bunker  
  177  9:12  SCV  
  177  9:13  Supply Depot  
  177  9:14  Marauder x3  
  177  9:15  Supply Depot  
Tags
 
Add a new tag
Caveats
  • Supply blocks, unpowered buildings, or Contaminate may cause inaccurate times.
  • Supply counts are checked every 10 seconds.